 Dungeon Crawl Stone Soup version 0.31.0-4-g52a2dc7128 (webtiles) character file.

Game seed: 519002429559897102

2040 thirtiethelement the Covered (level 9, -1/68 HPs)
             Began as a Demonspawn Berserker on Jan 23, 2024.
             Was an Elder of Trog.
             Slain by an orc warrior
             ... wielding a +0 war axe
              (13 damage)
             ... in a bailey.
             The game lasted 00:10:26 (5527 turns).

thirtiethelement the Covered (Demonspawn Berserker) Turns: 5527, Time: 00:10:27

Health: -1/68      AC:  8    Str: 19    XL:     9   Next: 4%
Magic:  9/9        EV:  9    Int:  7    God:    Trog [****..]
Gold:   141        SH:  0    Dex: 16    Spells: 8/8 levels left

rFire   + . .        n - +4 short sword (flame)
rCold   + . .        (no shield)
rNeg    + + .        q - +0 chain mail
rPois   +            p - -2 hat of the Alchemist {rElec rPois rF+ rC+ rN+ Will+ rMut rCorr}
rElec   +            c - scarf {repulsion}
rCorr   +            (no gloves)
SInv    .            (no boots)
Will    +++..        (no amulet) Stlth
                     i - +4 ring of slaying
HPRegen 1.31/turn    t - ring of positive energy
MPRegen 0.11/turn

%: repel missiles, resist mutation
@: strong-willed, regenerating
A: hooves 1, foul stench 1
a: Renounce Religion, Berserk, Trog's Hand, Brothers in Arms


You were in a bailey.
You worshipped Trog.
Trog was greatly pleased with you.
You visited 2 branches of the dungeon, and saw 8 of its levels.
You also visited: Bailey.

You collected 246 gold pieces.
You spent 105 gold pieces at shops.

Inventory:

Hand Weapons
 a - a +0 hand axe
 n - a +4 short sword of flaming (weapon)
 A - the +1 sling "Imurchuph" {flame, +Blink rF+}
   (You found it on level 6 of the Dungeon)

   rF+:       It protects you from fire.
   +Blink:    It lets you blink.
Missiles
 e - 6 boomerangs (quivered)
Armour
 c - a scarf of repulsion (worn)
 p - the -2 hat of the Alchemist (worn) {rElec rPois rF+ rC+ rN+ Will+ rMut rCorr}
   (You acquired it on level 3 of the Dungeon)

   rF+:       It protects you from fire.
   rC+:       It protects you from cold.
   rElec:     It insulates you from electricity.
   rPois:     It protects you from poison rN+: It protects you from negative
   energy.
   Will+:     It increases your willpower.
   rCorr:     It protects you from acid and corrosion.
   rMut:      It protects you from mutation.
 q - a +0 chain mail (worn)
 z - a +0 cloak
Magical Staves
 B - the staff of the End {rF+ Str+4 Dex-5 Earth}
   (You found it on level 6 of the Dungeon)

   [staff of earth]

   Base accuracy: +5 Base damage: 5 Base attack delay: 1.2 This weapon's minimum
   attack delay (0.6) is reached at skill level 12.
   Str+4:     It affects your strength (+4).
   Dex-5:     It affects your dexterity (-5).
   rF+:       It protects you from fire.
   Earth:     It increases the power of your Earth spells.
   It falls into the 'Staves' category.
   It is a one-handed weapon.
   Trog disapproves of the use of such an item.
Jewellery
 i - a +4 ring of slaying (left hand)
 t - a ring of positive energy (right hand)
 u - an amulet of faith
 C - a ring of protection from fire
Wands
 y - a wand of light (2)
Scrolls
 h - 3 scrolls of enchant armour
 l - 2 scrolls of teleportation
 o - a scroll of fear
 r - 2 scrolls of amnesia
 x - a scroll of enchant weapon
 D - a scroll of identify
Potions
 b - 2 potions of attraction
 d - 3 potions of enlightenment
 f - 6 potions of curing
 g - a potion of mutation {unknown}
 j - a potion of berserk rage {unknown}
 k - a potion of lignification {unknown}
 m - 2 potions of invisibility
 s - 2 potions of brilliance {unknown}
 v - 2 potions of haste {unknown}
 w - a potion of might {unknown}


   Skills:
 + Level 5.3 Fighting
 + Level 6.3 Short Blades
 + Level 3.6 Axes
 + Level 1.0 Throwing
 + Level 6.7 Armour
 + Level 2.7 Dodging
 + Level 1.6 Stealth


You had 8 spell levels left.
You didn't know any spells.
Your spell library contained the following spells:

 Spells                   Type           Power      Damage    Failure   Level
 Slow                     Hex            0%         N/A       97%         1
 Ensorcelled Hibernation  Hex/Ice        0%         N/A       99%         2
 Confusing Touch          Hex            0%         N/A       100%        3
 Frozen Ramparts          Ice            0%         1d1       100%        3
 Fugue of the Fallen      Necr           0%         N/A       100%        3
 Ozocubu's Armour         Ice            0%         N/A       100%        3
 Sigil of Binding         Hex            0%         N/A       100%        3
 Vampiric Draining        Necr           0%         2d6       100%        3
 Anguish                  Hex/Necr       0%         N/A       100%        4
 Animate Dead             Necr           0%         N/A       100%        4
 Leda's Liquefaction      Alch/Erth      0%         N/A       100%        4
 Manifold Assault         Tloc           0%         N/A       100%        4
 Petrify                  Alch/Erth      0%         N/A       100%        4
 Borgnjor's Vile Clutch   Necr/Erth      0%         N/A       100%        5
 Metabolic Englaciation   Hex/Ice        0%         N/A       100%        5
 Death Channel            Necr           0%         N/A       100%        6
 Sculpt Simulacrum        Ice/Alch       0%         N/A       100%        6


Dungeon Overview and Level Annotations

Branches:
Dungeon (7/15)             Temple (1/1) D:7          Bailey (1/1)

Altars:
Ashenzari
Fedhas
Gozag
Hepliaklqana
Kikubaaqudgha
Nemelex Xobeh
Okawaru
Qazlal
Vehumet
Wu Jian

Shops:
D:4 ?


Innate Abilities, Weirdness & Mutations

You have large cloven feet.
You may rarely emit foul miasma when damaged in melee.


Message History

The orc warrior hits you with a +0 war axe. x2
You hit the orc warrior. You burn the orc warrior. You kick the orc warrior.
The orc warrior is severely wounded.
You hit the orc warrior but do no damage.
Your kick misses the orc warrior.
The orc warrior is severely wounded.
The orc warrior hits you with a +0 war axe. x2
You barely miss the orc warrior.
The orc warrior is severely wounded.
The orc warrior hits you with a +0 war axe. x2
You puncture the orc warrior! You burn the orc warrior.
You kill the orc warrior!
Trog accepts your kill.
You have reached level 9!
Your experience leads to an increase in your attributes!
Increase (S)trength, (I)ntelligence, or (D)exterity?
You feel agile. x2
You barely miss the orc warrior. You kick the orc warrior.
The orc warrior is lightly wounded.
The orc warrior hits you with a +0 war axe!
You puncture the orc warrior! You burn the orc warrior.
Your kick misses the orc warrior.
The orc warrior is moderately wounded.
The orc warrior hits you with a +0 war axe!
* * * LOW HITPOINT WARNING * * *
Your skin crawls.
You feel strong-willed. The orc warrior closely misses you.
You hit the orc warrior. You burn the orc warrior.
The orc warrior is heavily wounded.
The orc warrior hits you with a +0 war axe!
* * * LOW HITPOINT WARNING * * *
There is a large open door, spattered with blood here.
Throw: 6 boomerangs
Press: ? - help, Q - select action, (/) - cycle Shift-Dir - straight line, f - orc warrior
Aim: an orc warrior, wielding a +0 war axe and wearing a +0 ring mail (heavily wounded, 58% to hit)
You throw a boomerang. The boomerang hits the orc warrior!
The orc warrior is almost dead.
The orc warrior hits you with a +0 war axe!
You die...

~~~~~~~~,#.8*,,,,,,,,,,,*8,*,~~~~
~~~~~~~~,#..*,,,,,,,,,,,*,,*,~~~~
~~~~~~~~,#.8####*********8,*,~~~~
~~~~~~~~,#.....#######,,,,,*,~~~~
~~~~~~~~,#.8...#.....#,,,8,*,~~~~
~~~~~~~~,#...).#.....#,,,,,*,~~~~
~~~~~~~*+***#..#..⌠..#,,****+*~~~
~~~~~~~*,,,,#..'.....+,,*,,,,*~~~
~~~~~~~*,,,,#..o@....+,,*,,,,*~~~
~~~~~~~***,,#####))'#####.o###~~~
~~~~~~~*,+,,#...........#..+$#~~~
~~~~~~~######~~~~...~~~~######~~~
~~~~~~~≈≈≈≈≈≈≈≈≈≈...≈≈≈≈≈≈≈≈≈≈~~~
~~~~~~~≈≈≈≈≈≈≈≈≈≈...≈≈≈≈≈≈≈≈≈≈~~~
~~~~~~~≈≈≈≈≈≈≈≈≈≈...≈≈≈≈≈≈≈≈≈≈~~~
~~~~~~~≈≈≈≈≈≈≈≈≈≈...≈≈≈≈≈≈≈≈≈≈~~~
~~~~~~~≈≈≈≈≈≈≈.........≈≈≈≈≈≈≈~~~


You could see an orc warrior.

Vanquished Creatures
  The ghost of SnakkuSnakku7 the Carver, a novice MfEE (D:5)
  Grinder (D:4)
  An orc warrior (Bailey)
  A sky beast (D:6)
  2 lemures (D:7)
  3 phantoms
  A bullfrog (D:6)
  4 scorpions
  2 hounds
  2 jellies (D:6)
  3 bombardier beetles
  6 orc priests
  2 iguanas (D:5)
  2 orc wizards
  12 gnolls
  11 adders
  2 white imps (D:5)
  2 ufetubi (D:3)
  2 dart slugs
  22 orcs
  4 ball pythons
  4 bats
  3 endoplasms
  3 giant cockroaches
  11 goblins
  8 hobgoblins
  3 quokkas
  5 frilled lizards
  15 kobolds
  8 rats
146 creatures vanquished.

Vanquished Creatures (others)
  A human (D:5)
1 creature vanquished.

Grand Total: 147 creatures vanquished

Notes
Turn   | Place    | Note
-------+----------+-------------------------------------------
     0 | D:1      | thirtiethelement the Demonspawn Berserker began the quest
                  | for the Orb.
     0 | D:1      | Reached XP level 1. HP: 18/18 MP: 1/1
   334 | D:1      | Gained mutation: You may rarely emit foul miasma when
                  | damaged in melee. [demonic ancestry]
   334 | D:1      | Reached XP level 2. HP: 24/24 MP: 2/2
   402 | D:1      | Found a faded altar of an unknown god.
   493 | D:1      | Reached ** piety under Trog
   570 | D:1      | Reached XP level 3. HP: 22/29 MP: 3/3
  1565 | D:2      | Reached XP level 4. HP: 35/35 MP: 4/4
  1681 | D:3      | Reached skill level 1 in Short Blades
  1828 | D:3      | Identified a scroll of acquirement
  1828 | D:3      | Acquired the -2 hat of the Alchemist {rElec rPois rF+ rC+
                  | rN+ Will+ rMut rCorr}
  1828 | D:3      | Found the -2 hat of the Alchemist {rElec rPois rF+ rC+ rN+
                  | Will+ rMut rCorr}
  1958 | D:3      | Gained mutation: You have large cloven feet. [demonic
                  | ancestry]
  1958 | D:3      | Reached XP level 5. HP: 36/41 MP: 5/5
  2321 | D:4      | Found an opulent altar of Gozag.
  2449 | D:4      | Noticed Grinder
  2457 | D:4      | Killed Grinder
  2458 | D:4      | Reached XP level 6. HP: 43/48 MP: 6/6
  2580 | D:4      | Reached *** piety under Trog
  2637 | D:4      | Found Ilux's Magic Scroll Boutique.
  2801 | D:4      | Bought a scroll of enchant weapon for 105 gold pieces
  2871 | D:4      | Reached XP level 7. HP: 54/54 MP: 7/7
  3127 | D:4      | Found a blossoming altar of Fedhas.
  3383 | D:4      | Found a stormy altar of Qazlal.
  3383 | D:4      | Found an iron altar of Okawaru.
  3707 | D:5      | Entered Level 5 of the Dungeon
  3808 | D:5      | Found an ancient bone altar of Kikubaaqudgha.
  3814 | D:5      | Reached skill level 1 in Stealth
  3837 | D:5      | Found a transporter.
  3843 | D:5      | Noticed SnakkuSnakku7's ghost (novice MfEE)
  3844 | D:5      | Found a transporter.
  3986 | D:5      | Reached skill level 5 in Armour
  4129 | D:5      | Reached XP level 8. HP: 56/61 MP: 8/8
  4424 | D:5      | Killed SnakkuSnakku7's ghost
  4425 | D:5      | Reached skill level 5 in Short Blades
  4425 | D:5      | Reached skill level 1 in Throwing
  4549 | D:6      | Found a hazy altar of Hepliaklqana.
  4568 | D:6      | Reached **** piety under Trog
  4583 | D:6      | Identified the +1 sling "Imurchuph" {flame, +Blink rF+}
  4600 | D:6      | Identified the staff of the End {rF+ Str+4 Dex-5 Earth}
  4617 | D:6      | Reached skill level 5 in Fighting
  5220 | D:7      | Found a staircase to the Ecumenical Temple.
  5235 | Temple   | Entered the Ecumenical Temple
  5245 | D:7      | Found an ornate altar of the Wu Jian Council.
  5316 | D:7      | Found a flagged portal.
  5331 | Bailey   | Entered a bailey
  5521 | Bailey   | Reached XP level 9. HP: 40/68 MP: 9/9
  5527 | Bailey   | Slain by an orc warrior

Illustrated notes

Levels and vault maps discovered:
D:1:      psy_arrival_spokes, layout_loops_ring,
          shapermc_ecumenical_altar_mp_ritualfount, grunt_decor_arrowhead,
          minmay_hexomino_c4
D:2:      layout_loops_corners, amcnicky_mini_corridor_feature
D:3:      layout_loops_ring, serial_park_tiny_1
D:4:      layout_layer_cave, fedhas_altar_4, grunt_gozag_breadcrumbs,
          amethyst_overflow_temple_binary, serial_shops, nicolae_shop_peninsula,
          uniq_grinder
D:5:      layout_rooms, tgw_kikubaaqudgha, gammafunk_ghost_arena
D:6:      layout_loops_ring, mainiacjoe_overflow_concentric_impassable,
          nicolae_figureground_pulse
D:7:      layout_rooms, mainiacjoe_overflow_brackets,
          nicolae_yredelemnul_corpse_copse, hellmonk_sif_muna_bookshelves,
          minmay_temple_entry_proselytizer, enter_bailey_7, uniq_pikel
Temple:   hellmonk_temple_two_chambers
Bailey:   bailey_axe_of_yendor_kennysheep, bailey

Skill      XL: |  1  2  3  4  5  6  7  8 |
---------------+-------------------------+-----
Dodging        | 2 |  2.7
Axes           | 3 |  3.6
Armour         | 2 3 5 6 |  6.7
Short Blades   | 1 3 4 6 |  6.3
Fighting       | 4 5 |  5.3
Stealth        | 1 |  1.6
Throwing       | 1 |  1.0

Action                     |  1- 3 |  4- 6 |  7- 9 || total
---------------------------+-------+-------+-------++-------
  Melee: Hand axe          |    40 |       |       ||    40
         Short sword       |    43 |    96 |   169 ||   308
         Punch             |     1 |       |     1 ||     2
         Kick              |       |    25 |    47 ||    72
  Throw: Boomerang         |     2 |     4 |     1 ||     7
 Invoke: Berserk           |       |       |     1 ||     1
         Trog's Hand       |       |       |     1 ||     1
    Use: Scroll            |       |     9 |     6 ||    15
 Armour: Ring mail         |    35 |    25 |       ||    60
         Chain mail        |       |    33 |   102 ||   135
  Dodge: Dodged            |    44 |    34 |    54 ||   132
         Repelled          |       |       |     2 ||     2
